 Dungeon Crawl Stone Soup version 0.27.1-33-g824d729ab1 (webtiles) character file.

Game seed: 3958573856700265714

4015 Destapler the Ducker (level 10, -6/96 HPs)
             Began as a Troll Monk on Dec 27, 2021.
             Was a High Priest of Zin.
             Mangled by a purple ugly thing (18 damage)
             ... on level 7 of the Dungeon.
             The game lasted 00:31:18 (5299 turns).

Destapler the Ducker (Troll Monk)                   Turns: 5299, Time: 00:31:19

Health: -6/96      AC:  5    Str: 27    XL:     10   Next: 3%
Magic:  12/12      EV: 10    Int:  8    God:    Zin [*****.]
Gold:   795        SH: 16    Dex: 15    Spells: 9/9 levels left

rFire    + . .     SeeInvis +   b - +6 trident "Gukemiz" {flame, rF+ rN+ Str+2}
rCold    . . .     Faith    .   m - +1 kite shield {rPois}
rNeg     + . .     Spirit   .   a - +0 robe
rPois    ∞         Reflect  +   (helmet restricted)
rElec    .         Harm     .   A - +0 cloak
rCorr    .         Rampage  .   (gloves unavailable)
Will     +....                  (boots unavailable)
Stlth    ++........             i - amulet of reflection
HPRegen  1.26/turn              d - ring of willpower
MPRegen  0.13/turn              u - ring of see invisible

@: vitalised, on recite cooldown
A: large, unfitting armour, claws 3, regeneration 1, shaggy fur 1, tough skin 1
a: Renounce Religion, Recite, Vitalisation, Imprison, Sanctuary, Donate Gold


You were on level 7 of the Dungeon.
You worshipped Zin.
Zin was extremely pleased with you.
You visited 1 branch of the dungeon, and saw 7 of its levels.
You also visited: Sewer.

You collected 1300 gold pieces.
You spent 420 gold pieces at shops.
You donated 85 gold pieces to Zin.

Inventory:

Hand Weapons
 b - the +6 trident "Gukemiz" (weapon) {flame, rF+ rN+ Str+2}
   (You found it on level 5 of the Dungeon)

   It burns those it strikes, dealing additional fire damage.
   Str:       It affects your strength (+2).
   rF:        It protects you from fire.
   rN:        It protects you from negative energy.
 D - a +6 long sword
Missiles
 k - 3 curare-tipped darts
 y - 50 poisoned darts
Armour
 a - a +0 robe (worn)
 m - a +1 kite shield of poison resistance (worn)
 A - a +0 cloak (worn)
Jewellery
 d - a ring of willpower (left claw)
 i - an amulet of reflection (around neck)
 n - a ring of willpower
 q - a ring of protection from fire
 u - a ring of see invisible (right claw)
 B - a ring of resist corrosion
Wands
 E - a wand of charming (13)
Scrolls
 c - a scroll of fear
 f - a scroll of immolation
 j - 3 scrolls of identify
 o - a scroll of teleportation
 s - 3 scrolls of blinking
 t - a scroll of enchant weapon {unknown}
 x - 3 scrolls of magic mapping {unknown}
 F - a scroll of amnesia
Potions
 e - a potion of cancellation {unknown}
 g - 3 potions of might {unknown}
 h - a potion of invisibility {unknown}
 l - 3 potions of lignification
 p - a potion of attraction {unknown}
 r - 2 potions of degeneration {unknown}
 v - 3 potions of haste {unknown}
 w - 2 potions of curing
 z - a potion of berserk rage {unknown}
 C - a potion of flight {unknown}


   Skills:
 + Level 5.4 Fighting
 + Level 3.7 Polearms
 + Level 5.1 Throwing
 + Level 5.4 Dodging
 - Level 1.0 Stealth
 + Level 4.7 Shields
 - Level 5.0 Unarmed Combat
 + Level 5.2 Invocations


You had 9 spell levels left.
You didn't know any spells.
Your spell library contained the following spells:

 Spells                   Type           Power      Damage    Failure   Level
 Sting                    Tmut/Pois      0%         1d3       73%         1
 Poisonous Vapours        Pois/Air       0%         N/A       86%         2
 Ignite Poison            Fire/Tmut/Pois 0%         N/A       97%         3
 Mephitic Cloud           Conj/Pois/Air  0%         N/A       97%         3
 Summon Guardian Golem    Hex/Summ       0%         N/A       97%         3
 Olgreb's Toxic Radiance  Pois           0%         N/A       100%        4
 Bolt of Magma            Conj/Fire/Erth 0%         4d4       100%        5
 Orb of Destruction       Conj           0%         N/A       100%        7
 Spellforged Servitor     Conj/Summ      0%         N/A       100%        7


Dungeon Overview and Level Annotations

Branches:
Dungeon (7/15)             Temple (0/1) D:5           Sewer (visited)

Altars:
Wu Jian
Zin

Shops:
D:6 =

Annotations:
D:3 3 runed translucent doors, VolelikeOfTheReadme's ghost, amateur PaFi; fexil's ghost, weakling FeSu; tmanko's ghost, weakling DsDe
D:6 3 runed translucent doors, ciphuk's ghost, novice VSBr


Innate Abilities, Weirdness & Mutations

You are too large for most types of armour.
You have claws for hands.
Your natural rate of healing is unusually fast.
You are covered in fur. (AC +1)
You have tough skin. (AC +1)


Message History

There is a stone staircase leading down here.
The boulder beetle bites you!!
* * * LOW HITPOINT WARNING * * *
The boulder beetle closely misses you.
The boulder beetle stops rolling and uncurls.
You block the purple ugly thing's attack.
You climb downwards.
There is a stone staircase leading up here.
You feel better.
The boulder beetle leaps!
The purple ugly thing gores you but does no damage.
You hit the purple ugly thing. You burn the purple ugly thing.
The purple ugly thing is lightly wounded.
The purple ugly thing barely misses you.
You hit the purple ugly thing but do no damage.
The purple ugly thing is lightly wounded.
The boulder beetle curls into a ball and begins rolling!
You block the purple ugly thing's attack.
You hit the purple ugly thing. You burn the purple ugly thing.
The purple ugly thing is lightly wounded.
You block the purple ugly thing's attack.
You puncture the purple ugly thing! You burn the purple ugly thing!
The purple ugly thing is heavily wounded.
The purple ugly thing gores you!!
* * * LOW HITPOINT WARNING * * *
The boulder beetle stops rolling and uncurls.
You block the purple ugly thing's attack.
You hit the purple ugly thing. You burn the purple ugly thing.
The purple ugly thing is heavily wounded.
You block the purple ugly thing's attack.
You hit the purple ugly thing. You burn the purple ugly thing.
The purple ugly thing is heavily wounded.
You block the purple ugly thing's attack.
The boulder beetle leaps!
You barely miss the purple ugly thing.
The purple ugly thing is heavily wounded.
The purple ugly thing barely misses you.
You barely miss the purple ugly thing.
The purple ugly thing is heavily wounded.
The purple ugly thing gores you!!
You die...

### #.############
#####..........u@# ############
..........######## #..........)
#####.##### #.########## #####.#
#.# ###### ......## #.# #.....
.##.#..###############.#####.....
.##.>......................+.....
.###...##########.##########.....
.# #...##### #.................


You could see a purple ugly thing.

Vanquished Creatures
  An ugly thing (D:7)
  Sigmund (D:2)
  6 yaks
  4 vampire mosquitoes (D:7)
  Edmund (D:4)
  2 water moccasins (D:7)
  A sky beast (D:7)
  Purgy (Sewer)
  2 necrophages (D:6)
  3 ogres
  A bullfrog (D:7)
  A wyvern zombie (D:7)
  2 scorpions
  A water moccasin skeleton (D:4)
  5 wights (D:7)
  2 bullfrog zombies
  A centaur zombie (D:7)
  A jelly (D:7)
  A hound (D:7)
  3 orc priests (D:3)
  A bullfrog skeleton (D:7)
  2 iguanas
  An orc wizard (D:3)
  A killer bee zombie (D:7)
  A hound skeleton (D:5)
  4 gnolls (D:4)
  A howler monkey skeleton (D:4)
  9 adders
  A shadow imp (D:6)
  2 white imps (D:5)
  An adder skeleton (D:4)
  6 worms
  4 dart slugs
  18 orcs
  4 bats
  5 endoplasms
  3 giant cockroaches
  11 goblins
  6 hobgoblins
  3 jackals (D:1)
  7 kobolds
  4 quokkas
  11 ball pythons
  4 frilled lizards
  3 rats
153 creatures vanquished.

Notes
Turn   | Place    | Note
-------+----------+-------------------------------------------
     0 | D:1      | Destapler the Troll Monk began the quest for the Orb.
     0 | D:1      | Reached XP level 1. HP: 22/22 MP: 0/0
    60 | D:1      | Found a faded altar of an unknown god.
   129 | D:1      | Became a worshipper of Zin the Law-Giver
   129 | D:1      | Reached * piety under Zin
   129 | D:1      | Reached ** piety under Zin
   207 | D:1      | Reached XP level 2. HP: 29/29 MP: 1/1
   372 | D:1      | Reached XP level 3. HP: 33/36 MP: 2/2
   670 | D:2      | Reached skill level 1 in Invocations
   745 | D:2      | Reached skill level 1 in Throwing
   858 | D:2      | Reached *** piety under Zin
  1213 | D:2      | Noticed Sigmund
  1223 | D:2      | Killed Sigmund
  1224 | D:2      | Reached skill level 1 in Shields
  1224 | D:2      | Reached XP level 4. HP: 9/45 MP: 0/4
  1224 | D:2      | Reached XP level 5. HP: 11/53 MP: 0/5
  1275 | D:2      | Found an ornate altar of the Wu Jian Council.
  1439 | D:3      | Reached XP level 6. HP: 61/61 MP: 6/6
  1826 | D:3      | Found a runed translucent gate.
  1827 | D:3      | Found a runed translucent gate.
  1828 | D:3      | Found a runed translucent gate.
  1830 | D:3      | Noticed tmanko's ghost (weakling DsDe)
  1830 | D:3      | Noticed fexil's ghost (weakling FeSu)
  1830 | D:3      | Noticed VolelikeOfTheReadme's ghost (amateur PaFi)
  2207 | D:4      | Reached XP level 7. HP: 66/67 MP: 7/7
  2454 | D:4      | Reached **** piety under Zin
  2518 | D:4      | Noticed Edmund
  2537 | D:4      | Killed Edmund
  2566 | D:5      | Entered Level 5 of the Dungeon
  2679 | D:5      | Identified the +6 trident "Gukemiz" {flame, rF+ rN+ Str+2}
  2762 | D:5      | Identified the +0 ring mail "Pefail" {rN+++ Dex+3 Stlth-}
  2850 | D:5      | Found a staircase to the Ecumenical Temple.
  3188 | D:6      | Identified a scroll of acquirement
  3188 | D:6      | Acquired 1080 gold pieces
  3189 | D:6      | Reached ***** piety under Zin
  3191 | D:6      | Noticed a yak
  3191 | D:6      | Noticed a yak
  3191 | D:6      | Noticed a yak
  3191 | D:6      | Noticed a yak
  3191 | D:6      | Noticed a yak
  3201 | D:6      | Found a glowing drain.
  3214 | Sewer    | Entered a sewer
  3256 | Sewer    | Noticed Purgy
  3264 | Sewer    | Killed Purgy
  3305 | Sewer    | Reached XP level 8. HP: 78/78 MP: 9/9
  3449 | D:5      | Reached skill level 1 in Polearms
  3492 | D:4      | Reached skill level 5 in Unarmed Combat
  3774 | D:6      | Found a runed translucent gate.
  3774 | D:6      | Found a runed translucent gate.
  3774 | D:6      | Found a runed translucent gate.
  3775 | D:6      | Noticed ciphuk's ghost (novice VSBr)
  3832 | D:6      | Reached XP level 9. HP: 82/85 MP: 11/11
  3972 | D:6      | Found Roonym's Jewellery Boutique.
  3989 | D:6      | Bought a ring of see invisible for 180 gold pieces
  3989 | D:6      | Bought a ring of resist corrosion for 240 gold pieces
  4737 | D:7      | Reached skill level 5 in Fighting
  4742 | D:7      | Reached skill level 5 in Dodging
  4936 | D:7      | Reached skill level 5 in Invocations
  4992 | D:7      | Reached skill level 5 in Throwing
  5214 | D:7      | Noticed a purple ugly thing
  5214 | D:7      | Noticed a green ugly thing
  5225 | D:7      | Killed a green ugly thing
  5226 | D:7      | Reached XP level 10. HP: 66/96 MP: 12/12
  5260 | D:7      | Noticed a boulder beetle
  5261 | D:7      | Noticed a boulder beetle
  5299 | D:7      | Mangled by a purple ugly thing

Illustrated notes

Levels and vault maps discovered:
D:1:      nzn_arrival_depleted_hourglass, layout_rooms,
          chequers_ecumenical_altar_grove, skrybe_limestone_x
D:2:      layout_loops_cross, basic_altar, minmay_cut_off, uniq_sigmund
D:3:      layout_rooms, gammafunk_ghost_cemetery, serial_rivers,
          chequers_serial_rivers_micro_a, chequers_serial_rivers_large_b,
          chequers_serial_rivers_small_3, chequers_serial_rivers_micro_a
D:4:      layout_loops_cross, minmay_misc_feat_doors, uniq_edmund
D:5:      layout_basic, minmay_temple_entry_hall
D:6:      layout_basic, serial_shops, nicolae_square_shop,
          cheibrodos_sewer_entry_sluice, gammafunk_ghost_split,
          kennysheep_windowed_goal
D:7:      minmay_the_grid_plus_closed [minmay_the_grid_eight, minmay_the_grid_x,
          minmay_the_grid_pillar_ring, minmay_the_grid_expand,
          minmay_the_grid_prize_shrinking_boxes], layout_basic

Skill      XL: |  1  2  3  4  5  6  7  8  9 |
---------------+----------------------------+-----
Invocations    | 1 2 3 4 5 |  5.2
Throwing       | 1 2 3 5 |  5.1
Fighting       | 3 4 5 |  5.4
Dodging        | 3 4 5 |  5.4
Shields        | 1 2 3 4 |  4.7
Unarmed Combat | 4 5 |  5.0
Polearms       | 2 3 |  3.7
Stealth        | |  1.0

Action                   |  1- 3 |  4- 6 |  7- 9 | 10-12 || total
-------------------------+-------+-------+-------+-------++-------
Melee: Unarmed           |   120 |   132 |   170 |       ||   422
       Punch             |     2 |       |       |       ||     2
       Trident           |       |       |   130 |    14 ||   144
Throw: Dart              |    17 |     4 |    22 |       ||    43
Invok: Recite            |     6 |     5 |     8 |     1 ||    20
       Vitalisation      |     1 |       |     3 |     1 ||     5
  Use: Potion            |       |     1 |     2 |     1 ||     4
       Scroll            |       |       |    10 |       ||    10
 Stab: Sleeping          |     1 |     1 |     4 |       ||     6
       Invisible         |       |     2 |       |       ||     2
       Confused          |       |     1 |     1 |       ||     2
       Distracted        |       |     1 |       |       ||     1
Armor: Robe              |    37 |    33 |    51 |     2 ||   123
Dodge: Dodged            |    69 |    57 |    82 |     7 ||   215
Block: Other             |     2 |     1 |       |       ||     3
       Kite shield       |       |   120 |   216 |    23 ||   359
       Reflection        |       |     2 |       |       ||     2
